cohdb
Replays
Latest Replays
All Replays
Popular Replays
Top Player Replays
Match Explorer
How It Works
Community
CoH3 Stats
Reddit
Sign in to upload your games and track your stats! →
Sign in with Steam
Match 41024612
Unlisted
Match 41024612
Overview
Messages
Build Orders
End
Vickers Machine Gun Team
Construct Section Command Post
Royal Engineer Section
Dingo Light Scout Car
Infantry Section
Construct Platoon Command Post
Selects Canadian Shock Battlegroup
Selects Attacking Spirit
Selects Incendiary Munitions
Selects Canadian Shock Section
Canadian Shock Section
Canadian Shock Section
Selects Pyrotechnics
Construct Company Command Post
Grenade Package
Canadian Shock Section
Unlock M3 Grant Medium Tanks
M3 Grant Medium Tank
Canadian Shock Section
M3 Grant Medium Tank
WilfredWarrior
SleepingGiant
Some_Devil
iPlayThisNaked
BIOHAZARD
Sauzer88
=BIA=Decapsy
Andreuz
0
0
Comments
sign in to comment!
No comments posted yet!